[ PARTIDA AOE2 · #476487958 ]
UnrankedPortugueses vs None
Equipo rival · VICT
[ ANÁLISIS DE REPETICIÓN · EXTRAÍDO DE LA PARTIDA GRABADA ]
Feudal
14:02
Castillos
25:12
Imperial
38:45
| APM promedio | 22.7 |
| APM pico | 56 |
| eAPM promedio | 9.5 |
| Aldeanos / militares | 82 / 69 |
Foco
⚔️ 22.6% · 🌾 77.4%
Organ Gun ×18 · Fishing Ship ×16 · Spearman ×15 · Militia ×12 · Caravel ×10 · Fire Galley ×5
Feudal
12:33
Castillos
26:01
Imperial
34:58
| APM promedio | 37.1 |
| APM pico | 74 |
| eAPM promedio | 18.8 |
| Aldeanos / militares | 64 / 5 |
Foco
⚔️ 22.0% · 🌾 78.0%
Unknown (1944) ×82 · Fishing Ship ×31 · Unknown (1942) ×8 · Demolition Raft ×5 · Unknown (2626) ×2
Mapa de la partida
Recursos iniciales + cada clic de construcción. Líneas = muros · curvas = relieve. ◆ oro · ⬟ piedra · ● bayas · ✦ reliquia · ◌ hueco del cierre
Tu base· Abierta — hueco de 8t
Base de Moju· Abierta — flanco sin cerrar
Terreno inicial suavizado · ◌ = hueco del cierre detectado · pasá el cursor para detalles
Inputs por minuto
— Megafist10 - - Moju
Build order — Megafist10
Primeras 150 de 200 acciones detectadas
| 0:06 | Construir | House |
| 0:10 | Crear | Villager (Male) ×4 |
| 1:36 | Construir | House |
| 1:58 | Crear | Villager (Male) |
| 1:58 | Crear | Villager (Male) |
| 2:11 | Construir | House |
| 2:27 | Crear | Villager (Male) |
| 3:18 | Crear | Villager (Male) |
| 3:18 | Crear | Villager (Male) |
| 3:50 | Construir | Mill |
| 3:55 | Investigar | Loom |
| 4:35 | Crear | Villager (Male) |
| 4:36 | Crear | Villager (Male) |
| 4:36 | Crear | Villager (Male) |
| 4:45 | Crear | Villager (Male) |
| 5:37 | Crear | Villager (Male) |
| 6:07 | Construir | Mill |
| 6:29 | Construir | Lumber Camp |
| 6:34 | Construir | House |
| 6:37 | Crear | Villager (Male) |
| 6:38 | Crear | Villager (Male) |
| 7:18 | Crear | Villager (Male) |
| 7:18 | Crear | Villager (Male) |
| 8:26 | Crear | Villager (Male) |
| 8:29 | Construir | House |
| 9:01 | Crear | Villager (Male) |
| 9:12 | Construir | House |
| 9:29 | Crear | Villager (Male) |
| 10:06 | Construir | Dock |
| 10:12 | Crear | Villager (Male) |
| 10:30 | Crear | Villager (Male) |
| 10:40 | Crear | Villager (Male) |
| 10:54 | Construir | Mining Camp |
| 10:56 | Crear | Villager (Male) |
| 11:18 | Investigar | Feudal Age |
| 12:06 | Crear | Fishing Ship |
| 12:06 | Crear | Fishing Ship |
| 13:06 | Crear | Fishing Ship |
| 13:07 | Crear | Fishing Ship |
| 13:31 | Construir | Dock |
| 14:02 | Edad | Edad Feudal |
| 14:19 | Construir | Farm |
| 14:20 | Construir | Farm |
| 14:21 | Construir | Farm |
| 14:23 | Investigar | Horse Collar |
| 14:25 | Crear | Villager (Male) ×5 |
| 14:31 | Investigar | Double-Bit Axe |
| 14:38 | Construir | House |
| 14:39 | Construir | House |
| 14:43 | Investigar | Tech 906 |
| 14:46 | Crear | Fishing Ship |
| 14:46 | Crear | Fishing Ship |
| 15:09 | Construir | Mining Camp |
| 15:52 | Investigar | Gold Mining |
| 15:59 | Investigar | Stone Mining |
| 16:02 | Crear | Villager (Male) |
| 16:03 | Crear | Villager (Male) |
| 16:36 | Investigar | Wheelbarrow |
| 17:23 | Construir | Farm |
| 17:24 | Construir | Farm |
| 17:26 | Construir | Farm |
| 17:27 | Construir | Farm |
| 17:28 | Construir | Farm |
| 17:29 | Construir | Farm |
| 17:31 | Construir | Farm |
| 17:32 | Construir | Farm |
| 17:40 | Crear | Villager (Male) ×5 |
| 18:01 | Crear | Unit 2626 |
| 18:01 | Crear | Unit 2626 |
| 18:25 | Construir | House |
| 19:14 | Crear | Villager (Male) |
| 19:24 | Construir | Barracks |
| 19:37 | Construir | Blacksmith |
| 19:59 | Construir | House |
| 20:01 | Construir | House |
| 20:08 | Construir | House |
| 20:09 | Construir | House |
| 20:13 | Construir | House |
| 21:05 | Construir | Market |
| 21:15 | Construir | House |
| 21:23 | Construir | Mining Camp |
| 21:26 | Investigar | Town Watch |
| 21:27 | Crear | Villager (Male) |
| 21:52 | Construir | Dock |
| 22:32 | Investigar | Castle Age |
| 23:02 | Crear | Fire Galley ×5 |
| 23:21 | Construir | House |
| 23:45 | Construir | Lumber Camp |
| 25:12 | Edad | Edad de los Castillos |
| 25:15 | Construir | Town Center |
| 25:41 | Construir | Castle |
| 25:48 | Crear | Villager (Male) ×5 |
| 25:56 | Investigar | Heavy Plow |
| 25:59 | Investigar | Bow Saw |
| 26:10 | Construir | Barracks |
| 26:19 | Investigar | Hand Cart |
| 26:25 | Crear | Villager (Male) ×5 |
| 27:12 | Investigar | War Galley (upgrade) |
| 27:26 | Crear | Villager (Male) ×5 |
| 27:38 | Construir | Town Center |
| 28:17 | Investigar | Pikeman (upgrade) |
| 28:19 | Investigar | Arson |
| 28:19 | Investigar | Gambesons |
| 28:20 | Investigar | Man-at-Arms (upgrade) |
| 28:24 | Construir | Siege Workshop |
| 28:33 | Construir | House |
| 28:48 | Investigar | Stone Shaft Mining |
| 29:09 | Crear | Caravel ×5 |
| 29:28 | Construir | Siege Workshop |
| 29:34 | Crear | Villager (Male) ×5 |
| 29:34 | Crear | Villager (Male) ×5 |
| 29:52 | Construir | Lumber Camp |
| 30:00 | Construir | Farm |
| 30:21 | Crear | Organ Gun ×5 |
| 30:27 | Investigar | Long Swordsman (upgrade) |
| 30:34 | Construir | Stable |
| 30:40 | Crear | Mangonel |
| 30:45 | Crear | Villager (Male) |
| 30:45 | Crear | Villager (Male) |
| 30:45 | Crear | Villager (Male) |
| 30:54 | Investigar | Tech 1404 |
| 31:01 | Crear | Organ Gun |
| 31:01 | Crear | Organ Gun |
| 31:02 | Crear | Organ Gun |
| 31:10 | Crear | Militia ×2 |
| 31:45 | Crear | Transport Ship |
| 31:55 | Construir | Monastery |
| 32:02 | Construir | House |
| 32:12 | Construir | Barracks |
| 32:30 | Construir | Archery Range |
| 32:31 | Construir | Archery Range |
| 32:50 | Crear | Monk |
| 33:10 | Construir | Siege Workshop |
| 33:54 | Construir | Farm |
| 34:49 | Construir | Archery Range |
| 34:53 | Construir | Mining Camp |
| 35:32 | Construir | House |
| 35:35 | Investigar | Imperial Age |
| 35:45 | Crear | Organ Gun ×5 |
| 35:45 | Crear | Organ Gun ×5 |
| 35:57 | Crear | Militia ×5 |
| 35:57 | Crear | Militia ×5 |
| 36:15 | Construir | Siege Workshop |
| 37:11 | Construir | Farm |
| 37:13 | Construir | Farm |
| 37:27 | Construir | Farm |
| 37:28 | Construir | Farm |
| 37:29 | Construir | Farm |
| 37:30 | Construir | Farm |
| 37:32 | Construir | Farm |
Build order — Moju
Primeras 150 de 299 acciones detectadas
| 0:03 | Construir | House |
| 0:05 | Construir | House |
| 0:07 | Crear | Villager (Male) |
| 0:07 | Crear | Villager (Male) |
| 0:08 | Crear | Villager (Male) |
| 0:08 | Crear | Villager (Male) |
| 0:08 | Crear | Villager (Male) |
| 1:33 | Crear | Villager (Male) |
| 1:36 | Investigar | Loom |
| 2:21 | Crear | Villager (Male) |
| 2:21 | Crear | Villager (Male) |
| 3:30 | Crear | Villager (Male) |
| 3:39 | Construir | House |
| 3:43 | Construir | House |
| 3:58 | Crear | Villager (Male) |
| 4:32 | Construir | Lumber Camp |
| 4:48 | Crear | Villager (Male) |
| 4:48 | Crear | Villager (Male) |
| 5:39 | Crear | Villager (Male) |
| 5:39 | Crear | Villager (Male) |
| 5:44 | Crear | Villager (Male) |
| 5:54 | Construir | House |
| 6:07 | Crear | Villager (Male) |
| 7:04 | Crear | Villager (Male) |
| 7:47 | Crear | Villager (Male) |
| 7:50 | Crear | Villager (Male) |
| 8:02 | Crear | Villager (Male) |
| 8:09 | Construir | Mill |
| 8:14 | Crear | Villager (Male) |
| 8:23 | Crear | Villager (Male) |
| 8:23 | Crear | Villager (Male) |
| 8:58 | Crear | Villager (Male) |
| 9:26 | Construir | Mining Camp |
| 9:51 | Construir | Dock |
| 10:01 | Construir | House |
| 10:23 | Investigar | Feudal Age |
| 10:28 | Construir | Farm |
| 10:28 | Construir | Farm |
| 10:28 | Construir | Farm |
| 10:29 | Construir | Farm |
| 10:29 | Construir | Farm |
| 10:39 | Construir | Mining Camp |
| 10:49 | Construir | House |
| 10:55 | Crear | Fishing Ship |
| 11:01 | Crear | Villager (Male) |
| 11:43 | Construir | House |
| 11:46 | Construir | Dock |
| 11:53 | Crear | Fishing Ship |
| 11:57 | Crear | Villager (Male) |
| 12:28 | Construir | Lumber Camp |
| 12:33 | Edad | Edad Feudal |
| 12:44 | Crear | Villager (Male) |
| 12:44 | Crear | Villager (Male) |
| 12:52 | Crear | Villager (Male) |
| 12:59 | Investigar | Double-Bit Axe |
| 13:12 | Crear | Villager (Male) |
| 13:15 | Crear | Fishing Ship |
| 13:32 | Construir | House |
| 13:40 | Crear | Fishing Ship |
| 13:41 | Crear | Fishing Ship |
| 13:59 | Crear | Villager (Male) |
| 14:26 | Construir | Dock |
| 14:29 | Crear | Villager (Male) |
| 14:41 | Crear | Unit 2626 |
| 14:41 | Crear | Unit 2626 |
| 14:54 | Crear | Fishing Ship |
| 14:56 | Crear | Fishing Ship |
| 14:59 | Crear | Villager (Male) |
| 15:23 | Construir | Dock |
| 15:31 | Construir | House |
| 15:33 | Crear | Villager (Male) |
| 15:42 | Investigar | Stone Mining |
| 15:48 | Crear | Fishing Ship |
| 15:58 | Crear | Villager (Male) |
| 16:08 | Construir | Lumber Camp |
| 16:09 | Crear | Villager (Male) |
| 16:30 | Crear | Fishing Ship |
| 16:30 | Crear | Fishing Ship |
| 16:33 | Crear | Fishing Ship |
| 16:45 | Construir | Mining Camp |
| 16:47 | Crear | Villager (Male) |
| 17:15 | Construir | Barracks |
| 17:22 | Construir | Blacksmith |
| 17:29 | Construir | Market |
| 17:33 | Construir | Palisade Wall |
| 17:49 | Crear | Villager (Male) |
| 17:56 | Crear | Villager (Male) |
| 17:58 | Crear | Fishing Ship |
| 17:58 | Crear | Fishing Ship |
| 18:03 | Construir | Fish Trap |
| 18:09 | Construir | Fish Trap |
| 18:16 | Construir | Fish Trap |
| 18:23 | Construir | Fish Trap |
| 18:51 | Construir | Mining Camp |
| 18:53 | Crear | Villager (Male) |
| 18:54 | Crear | Villager (Male) |
| 19:00 | Construir | House |
| 19:00 | Construir | House |
| 19:01 | Construir | House |
| 19:01 | Construir | House |
| 19:01 | Construir | House |
| 19:01 | Construir | House |
| 19:03 | Crear | Fishing Ship |
| 19:12 | Construir | House |
| 19:12 | Construir | House |
| 19:13 | Construir | House |
| 19:13 | Construir | House |
| 19:19 | Construir | House |
| 19:20 | Construir | House |
| 19:20 | Construir | House |
| 19:25 | Construir | House |
| 19:26 | Construir | House |
| 19:41 | Construir | House |
| 19:41 | Construir | House |
| 19:41 | Construir | House |
| 19:45 | Crear | Fishing Ship |
| 19:50 | Crear | Fishing Ship |
| 20:05 | Construir | Fish Trap |
| 20:23 | Construir | Fish Trap |
| 20:28 | Construir | Fish Trap |
| 20:36 | Construir | Fish Trap |
| 20:40 | Construir | Fish Trap |
| 20:48 | Construir | Fish Trap |
| 20:55 | Construir | Fish Trap |
| 20:58 | Crear | Fishing Ship |
| 20:58 | Crear | Fishing Ship |
| 21:03 | Crear | Villager (Male) |
| 21:14 | Construir | Blacksmith |
| 21:19 | Construir | Palisade Wall |
| 21:32 | Construir | House |
| 21:35 | Construir | Palisade Wall |
| 21:43 | Construir | Stone Wall |
| 21:59 | Crear | Villager (Male) |
| 22:00 | Crear | Villager (Male) |
| 22:51 | Construir | Fish Trap |
| 22:57 | Construir | Fish Trap |
| 23:04 | Construir | Fish Trap |
| 23:06 | Crear | Fishing Ship |
| 23:06 | Crear | Fishing Ship |
| 23:12 | Construir | Dock |
| 23:18 | Construir | Dock |
| 23:21 | Investigar | Castle Age |
| 23:31 | Construir | Lumber Camp |
| 23:48 | Construir | Dock |
| 24:29 | Construir | Lumber Camp |
| 24:31 | Construir | Lumber Camp |
| 24:37 | Construir | Fish Trap |
| 24:41 | Construir | Fish Trap |
| 24:45 | Crear | Fishing Ship |
| 25:03 | Construir | Fish Trap |
Cronología de la partida
| 9:51 | Moju · first_building Dock |
| 10:06 | Megafist10 · first_building Dock |
| 12:33 | Moju · age_up feudal |
| 14:02 | Megafist10 · age_up feudal |
| 17:15 | Moju · first_building Barracks |
| 17:33 | Moju · wall_segment Palisade Wall x1 |
| 19:24 | Megafist10 · first_building Barracks |
| 21:19 | Moju · wall_segment Palisade Wall x3 |
| 21:35 | Moju · wall_segment Palisade Wall x1 |
| 21:43 | Moju · wall_segment Stone Wall x1 |
| 25:12 | Megafist10 · age_up castle |
| 25:41 | Megafist10 · first_building Castle |
| 26:01 | Moju · age_up castle |
| 28:24 | Megafist10 · first_building Siege Workshop |
| 28:45 | Moju · first_building Castle |
| 29:31 | Moju · first_building Monastery |
| 30:34 | Megafist10 · first_building Stable |
| 30:58 | Moju · first_building Stable |
| 31:34 | Moju · first_building Siege Workshop |
| 31:55 | Megafist10 · first_building Monastery |
| 32:30 | Megafist10 · first_building Archery Range |
| 34:58 | Moju · age_up imperial |
| 35:37 | Megafist10 · first_market_sell 500 wood |
| 38:45 | Megafist10 · age_up imperial |
| 38:46 | Megafist10 · wall_segment Palisade Wall x6 |
| 47:10 | Megafist10 · resign |
[ ANÁLISIS IA · 1 CRÉDITO ]
¿Qué pasó realmente en esta partida?
Wolo.gg analiza cada decisión: build order, eco, micro, errores típicos por bracket. Análisis personalizado por WhatsApp o Discord en 30 segundos.
Guía civ
Portugueses
Perfil
Megafist10